 Dungeon Crawl Stone Soup version 0.28.0-53-g5a82cb258f (webtiles) character file.

Game seed: 10964204222422507366

103 Zeld the Digger (level 4, -4/24 HPs)
             Began as a Gargoyle Earth Elementalist on June 2, 2022.
             Killed from afar by an orc wizard (11 damage)
             ... with a puff of flame
             ... on level 3 of the Dungeon.
             The game lasted 00:04:28 (2844 turns).

Zeld the Digger (Gargoyle Earth Elementalist)       Turns: 2844, Time: 00:04:29

Health: -4/24      AC:  7    Str: 12    XL:     4   Next: 79%
Magic:  1/8        EV: 11    Int: 17    God:
Gold:   66         SH:  0    Dex: 10    Spells: 3/9 levels left

rFire   . . .      SeeInvis .   a - +0 whip
rCold   . . .      Faith    .   (no shield)
rNeg    + . .      Spirit   .   b - +0 robe
rPois   ∞          Reflect  .   (no helmet)
rElec   +          Harm     .   c - +0 cloak
rCorr   .          Rampage  .   n - +0 pair of gloves
Will    .....                   (no boots)
Stlth   ++........              (no amulet)
HPRegen 0.08/turn               (no ring)
MPRegen 0.11/turn               (no ring)

@: no status effects
A: sickness immunity, AC +3, negative energy resistance 1, electricity
resistance, torment resistance 1, petrification resistance
a: no special abilities


You were on level 3 of the Dungeon.
You visited 1 branch of the dungeon, and saw 3 of its levels.

You collected 66 gold pieces.

Inventory:

Hand Weapons
 a - a +0 whip (weapon)
Missiles
 j - 11 stones
 o - 16 bolts
Armour
 b - a +0 robe (worn)
 c - a +0 cloak (worn)
 h - a +1 ring mail of willpower
 n - a +0 pair of gloves (worn)
Scrolls
 d - a scroll of blinking {unknown}
 e - 4 scrolls of identify {unknown}
 k - 3 scrolls of noise {unknown}
 l - a scroll of vulnerability {unknown}
 m - a scroll of immolation {unknown}
Potions
 f - a potion of might {unknown}
 g - a potion of heal wounds {unknown}
 i - a potion of attraction {unknown}


   Skills:
 - Level 1.5 Dodging
 - Level 2.1 Stealth
 * Level 3.2 Spellcasting
 + Level 1.6 Transmutations
 * Level 4.9 Earth Magic


You had 3 spell levels left.
You knew the following spells:

 Your Spells              Type           Power      Damage    Failure   Level
a - Sandblast             Erth           38%        2d10      2%          1
b - Passwall              Tmut/Erth      11%        N/A       7%          2
c - Stone Arrow           Conj/Erth      22%        3d8       19%         3

Your spell library contained the following spells:

 Spells                   Type           Power      Damage    Failure   Level
 Shock                    Conj/Air       8%         1d3       17%         1
 Swiftness                Air            2%         N/A       45%         3
 Petrify                  Tmut/Erth      14%        N/A       41%         4
 Airstrike                Air            1%         N/A       86%         4


Dungeon Overview and Level Annotations

Branches:
Dungeon (3/15)

Altars:

Shops:
D:3 =


Innate Abilities, Weirdness & Mutations

You are immune to sickness and miasma.
Your stone body is resilient. (AC +3)
You are immune to poison.
You resist negative energy. (rN+)
You are resistant to electric shocks. (rElec)
You are resistant to unholy torment.
You are immune to petrification.


Message History

Casting: Sandblast (safe; 2% risk of failure)
Confirm with . or Enter, or press ? or * to list all spells.
Aiming: Sandblast (safe; 2% risk of failure)
Press: ? - help, Shift-Dir - straight line, f/p - hobgoblin
Aim: a hobgoblin, wearing a +0 leather armour (severely wounded, 79% to hit)
The blast of sand hits the hobgoblin.
You kill the hobgoblin!
j - 13 stones Unknown command.
Unknown command.
Casting: Sandblast (safe; 2% risk of failure)
Confirm with . or Enter, or press ? or * to list all spells.
Aiming: Sandblast (safe; 2% risk of failure)
Press: ? - help, Shift-Dir - straight line, f - orc wizard
Aim: an orc wizard, wielding a +0 dagger of pain and wearing a +0 robe (74% to hit)
The blast of sand hits the orc wizard.
The orc wizard is moderately wounded.
j - 12 stones The orc wizard hits you with a +0 dagger of pain.
Casting: Sandblast (safe; 2% risk of failure)
Confirm with . or Enter, or press ? or * to list all spells.
Aiming: Sandblast (safe; 2% risk of failure)
Press: ? - help, Shift-Dir - straight line, f/p - orc wizard
Aim: an orc wizard, wielding a +0 dagger of pain and wearing a +0 robe (moderately wounded, 74% to hit)
The blast of sand hits the orc wizard but does no damage.
The orc wizard is moderately wounded.
j - 11 stones The orc wizard gestures at you while chanting.
The magic dart hits you. The orc hits you with a +0 mace.
Casting: Sandblast (safe; 2% risk of failure)
Confirm with . or Enter, or press ? or * to list all spells.
You don't have enough magic to cast this spell.
Unknown command.
The orc wizard gestures at you while chanting.
The magic dart hits you!
* * * LOW HITPOINT WARNING * * *
Your magical contamination has completely faded away.
The orc wizard gestures at you while chanting.
The puff of flame hits you!
You die...

.. .# ######.##. .
........< ...
#......####....
#...>.....)....
#.....oo[#
#......#.#
#.....##.#
#....@'..#
#.....########
#............#
#............#
######.......#####
# #.............#
###........##.#
#...........
#.........# ♣


You could see an orc wizard and an orc.

Vanquished Creatures
  4 adders
  A dart slug (D:2)
  4 orcs
  4 ball pythons (D:1)
  9 endoplasms
  A giant cockroach (D:2)
  2 goblins
  4 hobgoblins
  9 kobolds
  3 quokkas
  5 bats
  5 frilled lizards
  7 rats
58 creatures vanquished.

Vanquished Creatures (others)
  2 plants (D:3)
2 creatures vanquished.

Grand Total: 60 creatures vanquished

Notes
Turn   | Place    | Note
-------+----------+-------------------------------------------
     0 | D:1      | Zeld the Gargoyle Earth Elementalist began the quest for
                  | the Orb.
     0 | D:1      | Reached XP level 1. HP: 10/10 MP: 3/3
   246 | D:1      | Reached skill level 1 in Transmutations
   246 | D:1      | Reached XP level 2. HP: 15/15 MP: 3/5
   301 | D:1      | Reached skill level 4 in Earth Magic
   335 | D:1      | Learned a level 2 spell: Passwall
   752 | D:1      | Reached XP level 3. HP: 19/19 MP: 3/6
   758 | D:1      | Learned a level 3 spell: Stone Arrow
   952 | D:1      | Found a faded altar of an unknown god.
  1879 | D:2      | Reached XP level 4. HP: 24/24 MP: 4/8
  2542 | D:3      | Found Etufeggiu's Jewellery Emporium.
  2844 | D:3      | Killed from afar by an orc wizard

Illustrated notes

Levels and vault maps discovered:
D:1:      wander_arrival_chamber, layout_basic,
          hellmonk_ecumenical_altar_heavens_door, chequers_jeans,
          hangedman_abyss_or_decor_lesser_grid, minmay_crystal_room
D:2:      layout_rooms, serial_corexii_hall, chequers_hall_statues_corner_a,
          corexii_hall_statues_deadend, chequers_hall_statues_y,
          corexii_hall_statues_l, nrook_loot_triangle, grunt_decor_cap,
          skrybe_limestone_x
D:3:      minmay_diamond_boxcup, layout_basic, serial_shops, nicolae_shop_stone,
          grunt_ministairs_10, serial_bayou_ford_a

Skill      XL: |  1  2  3  4 |
---------------+-------------+-----
Transmutations | 1 |  1.6
Earth Magic    | 4 |  4.9
Spellcasting   | 3 |  3.2
Dodging        | |  1.5
Stealth        | |  2.1

Action                   |  1- 3 |  4- 6 || total
-------------------------+-------+-------++-------
Melee: Unarmed           |    20 |       ||    20
       Punch             |     1 |       ||     1
       Whip              |    14 |    44 ||    58
 Cast: Sandblast         |    30 |    19 ||    49
       Stone Arrow       |     5 |     2 ||     7
       Passwall          |     1 |       ||     1
Armor: Robe              |    22 |    23 ||    45
Dodge: Dodged            |    29 |    26 ||    55
